 Dungeon Crawl Stone Soup version 0.21-a0-356-g45b0a09 (webtiles) character file.

1546 tof the Twirler (level 8, -6/102 HPs)
             Began as a Minotaur Gladiator on Oct 12, 2017.
             Was a Follower of Wu Jian.
             Mangled by a mummy (10 damage)
             ... in an ossuary.
             The game lasted 00:11:28 (5131 turns).

tof the Twirler (Minotaur Gladiator)                Turns: 5131, Time: 00:11:29

Health: -6/102     AC: 35    Str: 19    XL:     8   Next: 57%
Magic:  7/7        EV:  2    Int: 10    God:    Wu Jian [*.....]
Gold:   85         SH:  0    Dex: 14    Spells: 7/7 levels left

rFire    . . .     SeeInvis .   a - +1 quarterstaff (protect)
rCold    . . .     Gourm    .   (shield currently unavailable)
rNeg     + + +     Faith    .   (armour currently unavailable)
rPois    +         Spirit   .   (helmet currently unavailable)
rElec    .         Reflect  .   (cloak currently unavailable)
rCorr    .         Harm     .   (gloves currently unavailable)
MR       .....     NoTele   +   (boots currently unavailable)
Stlth    +.........             (no amulet)
HPRegen  0.27/turn              (no ring)
MPRegen  0.10/turn              u - +4 ring of protection

@: brilliant, tree-form (expiring), protection aura
A: (retaliatory headbutt)
a: Renounce Religion


You were in an ossuary.
You worshipped Wu Jian.
Wu Jian was aware of your devotion.
You were not hungry.
You were a tree.
You visited 1 branch of the dungeon, and saw 6 of its levels.
You also visited: Sewer and Ossuary.

You collected 274 gold pieces.
You spent 189 gold pieces at shops.

Inventory:

Hand Weapons
 a - a +1 quarterstaff of protection (weapon)
 b - a +0 blowgun
 E - a +0 quarterstaff
Missiles
 d - 3 throwing nets
 h - 23 poisoned needles
 s - 12 javelins (quivered)
Armour
 c - a +2 hat (melded)
 j - a +0 pair of gloves (melded)
 k - a +0 chain mail (melded)
 q - a +0 pair of boots (melded)
 F - a +0 cloak (melded)
Jewellery
 u - a +4 ring of protection (right branch)
Wands
 D - a wand of iceblast (4/15)
Scrolls
 e - 5 scrolls of fog
 o - 5 scrolls of remove curse
 p - a scroll of enchant armour
 r - 2 scrolls of blinking
 t - 4 scrolls of teleportation
 y - 2 scrolls of recharging
Potions
 i - a potion of berserk rage {unknown}
 l - a potion of degeneration {unknown}
 m - 2 potions of curing
 w - a potion of might {unknown}
 z - 3 potions of flight
 A - a potion of lignification
 B - a potion of ambrosia {unknown}
 C - a potion of brilliance
Books
 n - a book of Callings

   Spells                             Type                      Level
   a - Summon Small Mammal            Summoning                    1
   b - Call Imp                       Summoning                    2
   c - Call Canine Familiar           Summoning                    3
   d - Summon Guardian Golem          Hexes/Summoning              3
   e - Summon Lightning Spire         Summoning/Air                4
   f - Summon Ice Beast               Ice/Summoning                4
Comestibles
 f - 3 bread rations
 g - a fruit
 v - 2 royal jellies
 x - 2 meat rations


   Skills:
 + Level 5.2 Fighting
 * Level 7.8 Staves
 + Level 4.4 Throwing
 * Level 6.7 Armour
 + Level 5.6 Dodging


You had 7 spell levels left.
You didn't know any spells.

Dungeon Overview and Level Annotations

Branches:
Dungeon (6/15)
 Temple: D:4-7

Altars:
Wu Jian

Shops:
D:5 [(((


Innate Abilities, Weirdness & Mutations

((You reflexively headbutt those who attack you in melee.))
((You have a pair of horns on your head.))


Message History

You hit the mummy.
The mummy is moderately damaged.
You hit the mummy.
The mummy is heavily damaged.
The mummy hits you but does no damage.
You hit the mummy but do no damage.
The mummy is heavily damaged.
The mummy hits you but does no damage.
You hit the mummy but do no damage.
The mummy is heavily damaged.
You hit the mummy.
The mummy is severely damaged.
The mummy hits you but does no damage.
You closely miss the mummy.
The mummy is severely damaged.
Your transformation is almost over.
You barely miss the mummy.
The mummy is severely damaged.
The mummy hits you!
You die...

............
#........#
#......#
#....#
#....#
#....#
#....#
#.M..#
#♣...#
#....#
#....#
#.∩∩.#
######


You could see a mummy.

Vanquished Creatures
  Menkaure (D:4)
  A sky beast (D:6)
  2 ice beasts
  A necrophage (D:5)
  2 ogres
  4 scorpions
  2 howler monkeys (D:5)
  A bullfrog zombie (D:5)
  2 hounds (D:5)
  A bullfrog skeleton (D:5)
  An orc priest (D:5)
  A centaur skeleton (D:5)
  An orc wizard (D:5)
  Terence (D:2)
  2 worker ants (D:4)
  A big kobold zombie (Ossuary)
  3 mummies (Ossuary)
  A hound skeleton (D:5)
  2 worker ant zombies
  3 gnolls (D:3)
  5 adders
  3 river rats (D:3)
  3 oozes
  An adder skeleton (D:5)
  A worm (D:2)
  2 dart slugs
  4 leopard geckos
  6 orcs
  10 giant cockroaches
  3 gnoll zombies (Ossuary)
  5 goblins
  9 hobgoblins
  11 jackals
  2 quokkas (D:2)
  4 ball pythons
  15 bats
  9 frilled lizards
  A hobgoblin zombie (Ossuary)
  10 kobolds
  3 kobold zombies (Ossuary)
  A leopard gecko zombie (D:5)
  8 rats
149 creatures vanquished.

Notes
Turn   | Place    | Note
-------+----------+-------------------------------------------
     0 | D:1      | tof the Minotaur Gladiator began the quest for the Orb.
     0 | D:1      | Reached XP level 1. HP: 18/18 MP: 0/0
   159 | D:1      | Reached skill level 1 in Armour
   159 | D:1      | Reached XP level 2. HP: 25/25 MP: 1/1
   192 | D:1      | You fall through a shaft!
   297 | D:2      | Reached skill level 4 in Staves
   808 | D:2      | Noticed Terence
   808 | D:2      | Reached XP level 3. HP: 30/30 MP: 2/2
   816 | D:2      | Killed Terence
   968 | D:2      | Reached XP level 4. HP: 37/37 MP: 3/3
  1744 | D:3      | Found a glowing drain.
  1774 | Sewer    | Entered a sewer
  1778 | Sewer    | Reached XP level 5. HP: 8/45 MP: 4/4
  2307 | D:3      | Reached skill level 5 in Staves
  2348 | D:3      | Found an ornate altar of the Wu Jian Council.
  2356 | D:3      | Became a worshipper of the Wu Jian Council
  2921 | D:4      | Reached XP level 6. HP: 45/51 MP: 5/5
  3173 | D:4      | Noticed Menkaure
  3313 | D:4      | Killed Menkaure
  3313 | D:4      | Reached * piety under Wu Jian
  3803 | D:5      | Entered Level 5 of the Dungeon
  3806 | D:5      | Found Liatut's Weapon Boutique.
  3819 | D:5      | Reached skill level 6 in Staves
  3819 | D:5      | Reached XP level 7. HP: 55/58 MP: 6/6
  3851 | D:4      | Reached skill level 5 in Armour
  4177 | D:4      | Reached skill level 5 in Dodging
  4519 | D:5      | Reached skill level 7 in Staves
  4519 | D:5      | Reached XP level 8. HP: 67/67 MP: 7/7
  4797 | D:5      | Found Inuoh's Antique Weapon Boutique.
  4805 | D:5      | Bought a glowing quarterstaff for 189 gold pieces
  4857 | D:5      | Found Kaul's Antique Armour Emporium.
  4942 | D:5      | Found Xeruuze's Weapon Shoppe.
  4976 | D:5      | Reached skill level 5 in Fighting
  5046 | D:6      | Found a sand-covered staircase.
  5062 | Ossuary  | Entered an ossuary
  5112 | Ossuary  | HP: 3/102 [mummy (6)]
  5117 | Ossuary  | HP: 1/102 [mummy (8)]
  5131 | Ossuary  | Mangled by a mummy

Vault maps used:
D:1:      nicolae_arrival_memento_mori, minmay_tetromino_o2
D:2:      minmay_tall_x, uniq_terence
D:3:      old_standard_altar, portal_sewer_entry_a, first_bread
D:4:      uniq_menkaure
D:5:      serial_shops, shop, kennysheep_mini, kennysheep_mini_moat,
          shop_fountains
D:6:      nicolae_ossuary_entry_ruins
Sewer:    sewer_fruit_machine
Ossuary:  ossuary_tomb_3

Skill      XL: |  1  2  3  4  5  6  7  8 |
---------------+-------------------------+-----
Armour         | 1 2 3 4 5 6 |  6.7
Staves         | 4 5 6 7 |  7.8
Fighting       | 3 4 5 |  5.2
Dodging        | 4 5 |  5.6
Throwing       | 3 4 |  4.4

Action                   |  1- 3 |  4- 6 |  7- 9 || total
-------------------------+-------+-------+-------++-------
Melee: Quarterstaff      |    63 |   214 |   167 ||   444
       Headbutt          |     8 |    35 |    33 ||    76
 Fire: Blowgun           |       |     2 |       ||     2
Throw: Javelin           |       |     2 |       ||     2
Evoke: Wand              |       |       |     2 ||     2
  Use: Scroll            |       |     7 |     3 ||    10
       Potion            |       |       |     5 ||     5
  Eat: Chunk             |       |     8 |       ||     8
       Bread ration      |       |     1 |     1 ||     2
Armor: Leather armour    |    11 |       |       ||    11
       Chain mail        |    16 |   243 |    97 ||   356
       Skin              |       |       |    18 ||    18
Dodge: Dodged            |    37 |   183 |    73 ||   293

Table legend:
 A = Spawn XP
 B = Non-spawn XP
 C = Spawn XP percentage of total XP
 D = Spawn monster count
 E = Non-spawn monster count
 F = Spawn count percentage of total count
 G = Total turns spent on level
                    A         B        C        D         E        F      G
               +---------+---------+-------+---------+---------+-------+---------
         Total |       0 |    2209 |   0.0 |       0 |     149 |   0.0 |  5131
               +---------+---------+-------+---------+---------+-------+---------
           D:1 |       0 |      35 |   0.0 |       0 |      20 |   0.0 |   641
           D:2 |       0 |      85 |   0.0 |       0 |      21 |   0.0 |   837
           D:3 |       0 |     195 |   0.0 |       0 |      45 |   0.0 |   898
           D:4 |       0 |     715 |   0.0 |       0 |      12 |   0.0 |  1472
           D:5 |       0 |     910 |   0.0 |       0 |      20 |   0.0 |   646
           D:6 |       0 |     146 |   0.0 |       0 |       2 |   0.0 |    39
         Sewer |       0 |      33 |   0.0 |       0 |      18 |   0.0 |   529
       Ossuary |       0 |      90 |   0.0 |       0 |      11 |   0.0 |    69
               +---------+---------+-------+---------+---------+-------+---------
